 Dungeon Crawl Stone Soup version 0.29-a0-1065-g47a6bb87d6 (webtiles) character file.

Game seed: 16327545730835355765

702873 Zeldest the Lord of Darkness (level 27, -11/242 HPs)
             Began as a Meteoran Venom Mage on Aug 18, 2022.
             Was the Champion of Kikubaaqudgha.
             Mangled by a searing wretch (19 damage)
             ... in the Vestibule of Hell.
             The game lasted 04:27:44 (19111 turns).

Zeldest the Lord of Darkness (Meteoran Venom Mage) Turns: 19111, Time: 04:27:44

Health: -11/242    AC: 15    Str: 14      XL:     27
Magic:  2/34       EV: 38    Int: 30 (33) God:    Kikubaaqudgha [******]
Gold:   1991       SH: 19    Dex: 26      Spells: 3/55 levels left

rFire   + . .      SeeInvis .     - Unarmed
rCold   + . .      Faith    .   x - +3 kite shield {rF+}
rNeg    + . .      Spirit   .   b - +1 robe of Vines {NoPotionHeal Regen++++}
rPois   +          Reflect  .   A - +2 helmet {Int+3}
rElec   +          Harm     .   c - +1 cloak
rCorr   +          Rampage  +   N - +1 pair of gloves of Insatiable Hunger {rElec rPois Str+4 Dex+2}
Will    +++..                   r - +1 pair of boots {rampage}
Stlth   +.........              w - amulet of the acrobat
HPRegen 3.70/turn               p - ring of Agnosticism {rElec rF+ rC+ rN+}
MPRegen 0.24/turn               C - ring "Omaod" {rCorr Dex+6}

@: brilliant, about to teleport, fire vulnerable, spiked, acrobatic, very
slightly contaminated, hasted, glowing, studying 3 skills, very quick
A: sense surroundings 3, otherworldly, glowing, explore regen, iridescent scales
1, low MP 2
}: 9/15 runes: decaying, serpentine, silver, abyssal, demonic, glowing, magical,
fiery, dark
a: Renounce Religion, Unearth Wretches, Torment


You were in the Vestibule of Hell.
You worshipped Kikubaaqudgha.
Kikubaaqudgha was exalted by your worship.
You visited 11 branches of the dungeon, and saw 48 of its levels.
You visited Pandemonium 1 time, and saw 21 of its levels.
You visited the Abyss 3 times.
You visited 1 bazaar.
You visited 1 ziggurat, and saw 13 of its levels.
You also visited: Bailey and Ice Cave.

You collected 5115 gold pieces.
You spent 3124 gold pieces at shops.

Inventory:

Armour
 b - the +1 robe of Vines (worn) {NoPotionHeal Regen++++}
   (You found it on level 5 of the Vaults)

   Its wearer cannot be healed by potions.
   Regen:     It increases your rate of health regeneration.
 c - a +1 cloak (worn)
 n - the +4 Cigotuvi's embrace {rMiasma Drain rN+}
   (You found it on level 5 of the Vaults)

   It gathers nearby corpses to temporarily increase the armour it provides.
   It protects you from foul pestilence.
   rN:        It protects you from negative energy.
   Drain:     It drains your maximum health when unequipped.
 r - a +1 pair of boots of rampaging (worn)
 x - a +3 kite shield of fire resistance (worn)
 A - a +2 helmet of intelligence (worn)
 D - the +4 skin of Zhor {*Englaciate rC+++ SInv}
   (You found it in an ice cave)

   It radiates cold, occasionally slowing all nearby creatures who are not
   resistant to cold.
   rC:        It renders you almost immune to cold.
   SInv:      It lets you see invisible.
 N - the +1 pair of gloves of Insatiable Hunger (worn) {rElec rPois Str+4 Dex+2}
   (You found it on level 5 of the Vaults)

   Str:       It affects your strength (+4).
   Dex:       It affects your dexterity (+2).
   rElec:     It insulates you from electricity.
   rPois:     It protects you from poison.
Magical Staves
 a - a staff of death
Jewellery
 p - the ring of Agnosticism (left hand) {rElec rF+ rC+ rN+}
   (You bought it in a shop in a bazaar)

   [ring of protection from fire]

   rF:        It protects you from fire.
   rC:        It protects you from cold.
   rElec:     It insulates you from electricity.
   rN:        It protects you from negative energy.
 s - a ring of wizardry
 t - a ring of flight
 u - the ring "Zilu" {rF+ AC+4}
   (You found it in Pandemonium)

   [ring of protection]

   AC:        It affects your AC (+4).
   rF:        It protects you from fire.
 w - an amulet of the acrobat (around neck)
 C - the ring "Omaod" (right hand) {rCorr Dex+6}
   (You found it on level 1 of the Swamp)

   [ring of resist corrosion]

   Dex:       It affects your dexterity (+6).
   rCorr:     It protects you from acid and corrosion.
 E - a ring of protection from cold
 K - a ring of see invisible
 R - a ring of willpower
Wands
 d - a wand of paralysis (10)
 G - a wand of polymorph (4)
 J - a wand of roots (3)
Scrolls
 f - 2 scrolls of amnesia
 g - 3 scrolls of torment
 h - 2 scrolls of silence
 j - 8 scrolls of immolation
 k - 7 scrolls of teleportation
 l - 4 scrolls of poison
 o - a scroll of magic mapping
 y - 8 scrolls of butterflies
 I - 2 scrolls of identify
 M - 3 scrolls of fear
Potions
 e - 15 potions of curing
 i - 7 potions of attraction
 m - 4 potions of brilliance
 v - a potion of cancellation
 z - 9 potions of lignification
 B - 5 potions of haste
 F - 8 potions of berserk rage
 H - 9 potions of mutation
 L - 3 potions of might
 Q - 4 potions of heal wounds
 T - 2 potions of flight
Miscellaneous
 q - a phantom mirror
 O - a condenser vane (inert)


   Skills:
 + Level 18.9 Fighting
 - Level 7.1 Armour
 + Level 12.4 Dodging
 - Level 1.4 Stealth
 - Level 15.0 Shields
 + Level 23.4 Unarmed Combat
 + Level 14.5 Spellcasting
 - Level 11.6 Conjurations
 - Level 12.2 Summonings
 + Level 23.5 Necromancy
 + Level 5.5 Translocations
 - Level 15.2 Transmutations
 + Level 19.6 Fire Magic
 - Level 12.0 Earth Magic
 - Level 6.0 Poison Magic
 - Level 7.1 Evocations


You had 3 spell levels left.
You knew the following spells:

 Your Spells              Type           Power      Damage    Failure   Level
a - Ignition              Fire           59%        3d16      8%          8
b - Necromutation         Tmut/Necr      59%        N/A       9%          8
c - Infestation           Necr           63%        N/A       1%          8
d - Sublimation of Blood  Necr           100%       N/A       0%          2
e - Haunt                 Necr/Summ      57%        N/A       1%          7
f - Borgnjor's Vile Clut  Necr/Erth      56%        N/A       1%          5
g - Apportation           Tloc           100%       N/A       1%          1
h - Irradiate             Conj/Tmut      50%        3d28      1%          5
i - Borgnjor's Revivific  Necr           63%        N/A       1%          8

Your spell library contained the following spells:

 Spells                   Type           Power      Damage    Failure   Level
 Foxfire                  Conj/Fire      100%       2x1d9     0%          1
 Necrotise                Necr           100%       1d9       0%          1
 Scorch                   Fire           100%       2d10      0%          2
 Wereblood                Tmut           100%       N/A       0%          2
 Vampiric Draining        Necr           100%       2d13      0%          3
 Shock                    Conj/Air       100%       1d9       1%          1
 Sting                    Tmut/Pois      100%       1d8       1%          1
 Summon Small Mammal      Summ           100%       N/A       1%          1
 Poisonous Vapours        Pois/Air       100%       N/A       1%          2
 Call Canine Familiar     Summ           97%        N/A       1%          3
 Conjure Flame            Conj/Fire      100%       6-21      1%          3
 Inner Flame              Hex/Fire       88%        N/A       1%          3
 Mephitic Cloud           Conj/Pois/Air  72%        N/A       1%          3
 Spider Form              Tmut/Pois      91%        N/A       1%          3
 Freeze                   Ice            100%       1d11      3%          1
 Portal Projectile        Hex/Tloc       100%       N/A       3%          3
 Ensorcelled Hibernation  Hex/Ice        64%        N/A       6%          2
 Frozen Ramparts          Ice            64%        1d10      12%         3
 Ozocubu's Armour         Ice            32%        N/A       12%         3
 Swiftness                Air            32%        N/A       12%         3
 Tukima's Dance           Hex            32%        N/A       12%         3
 Animate Dead             Necr           100%       N/A       0%          4
 Agony                    Necr           100%       N/A       0%          5
 Anguish                  Hex/Necr       47%        N/A       1%          4
 Animate Armour           Summ/Erth      100%       N/A       1%          4
 Corpse Rot               Necr/Pois/Air  88%        N/A       1%          4
 Flame Wave               Conj/Fire      100%       2d21      1%          4
 Ice Form                 Ice/Tmut       79%        N/A       1%          4
 Iskenderun's Mystic Bla  Conj/Tloc      84%        2d17      1%          4
 Petrify                  Tmut/Erth      100%       N/A       1%          4
 Blade Hands              Tmut           53%        N/A       1%          5
 Fireball                 Conj/Fire      54%        3d21      1%          5
 Iskenderun's Battlesphe  Conj           95%        2d14      1%          5
 Lee's Rapid Deconstruct  Erth           48%        3d24*     1%          5
 Death Channel            Necr           63%        N/A       1%          6
 Summon Forest            Summ/Tloc      42%        N/A       2%          5
 Statue Form              Tmut/Erth      67%        N/A       2%          6
 Fulminant Prism          Conj/Hex       35%        3d18      3%          4
 Hailstorm                Conj/Ice       71%        3d15      3%          4
 Leda's Liquefaction      Hex/Erth       36%        N/A       3%          4
 Olgreb's Toxic Radiance  Pois           72%        N/A       3%          4
 Summon Lightning Spire   Summ/Air       73%        N/A       3%          4
 Summon Cactus Giant      Summ           48%        N/A       3%          6
 Iron Shot                Conj/Erth      47%        9d9       4%          6
 Simulacrum               Ice/Necr       47%        N/A       4%          6
 Dragon Form              Tmut           53%        N/A       6%          7
 Eringya's Noxious Bog    Tmut/Pois      45%        N/A       8%          6
 Summon Mana Viper        Hex/Summ       73%        N/A       9%          5
 Summon Hydra             Summ           48%        N/A       21%         7
 Freezing Cloud           Conj/Ice/Air   30%        6-21      22%         5
 Spellforged Servitor     Conj/Summ      48%        N/A       24%         7
 Death's Door             Necr           63%        N/A       24%         9
 Conjure Ball Lightning   Conj/Air       35%        3x3d11    47%         6
 Metabolic Englaciation   Hex/Ice        16%        N/A       71%         5
 Lehudib's Crystal Spear  Conj/Erth      47%        10d11     89%         8
 Ozocubu's Refrigeration  Ice            16%        4d11      100%        7
 Discord                  Hex            16%        N/A       100%        8
 Disjunction              Tloc           35%        N/A       100%        8
 Maxwell's Capacitive Co  Air            16%        ∞         100%        8
 Dragon's Call            Summ           48%        N/A       100%        9


Dungeon Overview and Level Annotations

Branches:
Dungeon (15/15) Zot: 4214  Temple (1/1) D:4 Zot: 579    Lair (5/5) D:9 Zot: 1446
  Swamp (4/4) Lair:2 Zot: 1463   Snake (4/4) Lair:3 Zot: 760   Slime (0/5) Lair:5
    Orc (2/2) D:11 Zot: 348     Elf (3/3) Orc:2 Zot: 829  Vaults (5/5) D:13 Zot: 700
  Crypt (0/3) Vaults:3     Depths (4/4) D:15 Zot: 778    Hell (1/1) Zot: 557
    Zot (4/5) Depths:4 Zot: 2112  Bailey (visited)           IceCv (visited)
    Dis: Hell:1         Geh: Hell:1         Coc: Hell:1         Tar: Hell:1

Altars:
Ashenzari
Cheibriados
Elyvilon
Gozag
Hepliaklqana
Kikubaaqudgha
Makhleb
Nemelex Xobeh
Okawaru
Qazlal
Ru
Sif Muna
Trog
Uskayaw
Vehumet
The Shining One
Jiyva

Shops:
D:1 ?   D:4 :   D:7 (   D:10 *   Orc:2 ?!!*:   Elf:1 !   Snake:2 (*:*
Snake:4 *[!   Vaults:5 (   Depths:2 (   Depths:3 =

Portals:
Hell: Depths:1 Depths:4
Abyss: Depths:3 Depths:4
Pandemonium: Depths:4
Trove: D:13 (give 3 potions of resistance)

Annotations:
Lair:2 exclusion: oklob plant
Lair:3 1 runed translucent door, Archem's ghost, journeyman OgTm
Depths:2 1 runed translucent door, Coqe's ghost, adept DrCj
Depths:4 2 runed translucent doors
Hell Geryon


Innate Abilities, Weirdness & Mutations

You passively map a large area around you.
You are easily found by Zot.
You glow in the dark.
You regain HP and MP as you explore.
You are partially covered in iridescent scales. (AC +2)
Your magical capacity is very low. (-20% MP)


Message History

Your death scarab misses the red devil.
Your death scarab bites the searing wretch!!
Your death scarab drains the searing wretch's vigour!
The searing wretch seems to slow down.
The caustic shrike skeleton claws you!
* * * LOW HITPOINT WARNING * * *
You block the sun demon's attack.
The red devil hits you from afar with a +0 trident!
* * * LOW HITPOINT WARNING * * *
Barbed spikes become lodged in your body.
The frost giant hits your death scarab with a +2 battleaxe of freezing!!!
The frost giant freezes your death scarab!
Your death scarab is destroyed!
The sun demon hits you.
* * * LOW HITPOINT WARNING * * *
You are engulfed in flames.
You resist.
* * * LOW HITPOINT WARNING * * *
You block the searing wretch's attack. x3; The sun demon hits you!
* * * LOW HITPOINT WARNING * * *
You are engulfed in flames.
You resist.
* * * LOW HITPOINT WARNING * * *
Okay, then.
Okay, then.
Okay, then.
Okay, then.
The caustic shrike skeleton barely misses you.
The sun demon completely misses you. The red devil misses you.
The ice devil hits your death scarab but does no damage.
Your death scarab bites the searing wretch!!
Your death scarab bites the sun demon!
Your death scarab drains the sun demon's vigour!
The sun demon seems to slow down.
You block the caustic shrike skeleton's attack.
Your death scarab bites the searing wretch!
Your death scarab drains the searing wretch's vigour!
The searing wretch seems to slow down.
Your death scarab bites the ice devil!
The sun demon closely misses you.
You block the caustic shrike skeleton's attack.
The sun demon completely misses you. x2; The searing wretch claws you!!
You die...
Kikubaaqudgha rasps: "You have failed me!
Welcome... death!"

, ,,, * , * * *
*,.... * * ,,,*
...# , * #p..##
* ##.Z...## *
##.......# **
##†4C4.....
##.33nB..... *
##.Z3@B...... ,
##...Z).......,
, *
##...†.B.......
,**
##......###'###.
* ##.......# ...
, , ##........#
..# , ,
#.........#, .#
, ###.......#,
,.# , ####....#
,


You could see a searing wretch (slow, ally target), a frost giant, 3 sun demons,
an ice devil, a necromancer, a red devil, an anaconda simulacrum, a golden
dragon zombie (distracted), a caustic shrike skeleton and 3 friendly death
scarabs.

Vanquished Creatures
  Cerebov (Pan)
  Gloorx Vloq (Pan)
  A seraph (Pan)
  Lom Lobon (Pan)
  2 juggernauts
  A pandemonium lord (Pan)
  Boris (Depths:3)
  2 caustic shrikes (Depths:4)
  3 bone dragons
  4 Brimstone Fiends (Pan)
  A Hell Sentinel (Pan)
  3 tentacled monstrosities
  2 Ice Fiends (Pan)
  A searing wretch (Depths:4)
  A titan (Pan)
  3 liches (Abyss:4)
  A quicksilver dragon (Vaults:5)
  A deep elf master archer (Elf:3)
  3 deep elf blademasters
  2 death cobs (Zot:1)
  3 tentacled starspawn (Abyss:4)
  An ancient champion (Hell)
  3 sphinxes
  15 Executioners (Pan)
  2 thorn hunters
  4 storm dragons
  3 tengu reavers
  3 nagarajas
  3 shadow dragons
  A revenant (Vaults:3)
  3 fire giants
  A demonspawn warmonger (Pan)
  3 draconian monks
  A daeva (Pan)
  3 deep elf sorcerers (Elf:3)
  A draconian scorcher (Depths:4)
  2 curse skulls (Pan)
  An orc warlord (Zig:7)
  A draconian shifter (Zig:11)
  3 draconian annihilators
  2 cacodemons (Pan)
  15 balrugs
  Aizul (Swamp:2)
  8 angels (Pan)
  A demonspawn corrupter (Pan)
  7 ironbound preservers
  2 deep elf elementalists (Elf:3)
  12 reapers
  A draconian stormcaller (Zot:1)
  5 very ugly things
  3 war gargoyles (Vaults:4)
  4 stone giants
  2 demonspawn blood saints (Pan)
  A juggernaut skeleton (Pan)
  3 ironbound thunderhulks
  An apis (Pan)
  3 green draconians
  8 ophanim (Pan)
  4 deep elf demonologists (Elf:3)
  7 eleionomae
  A demonspawn black sun (Abyss:4)
  3 bunyips
  A vampire knight (Depths:3)
  3 red draconians
  3 black draconians
  5 deep elf annihilators
  5 purple draconians
  3 yellow draconians
  A white draconian (Depths:4)
  5 dire elephants
  5 deep elf death magi
  5 blizzard demons
  2 ettins
  A fire dragon (Depths:3)
  4 green deaths
  2 deep elf high priests
  A shambling mangrove (Swamp:4)
  A great orb of eyes (shapeshifter) (Abyss:4)
  4 yaktaur captains
  A peacekeeper (Vaults:4)
  4 rakshasas
  5 great orbs of eyes
  7 ice dragons
  A boulder beetle (D:13)
  16 vault guards
  13 hydras
  A salamander tyrant (Snake:4)
  2 stokers (Zig:5)
  A spriggan skeleton (Abyss:4)
  12 anacondas
  A ghost crab (Swamp:3)
  3 ironbound frosthearts
  7 two-headed ogres
  A centaur warrior (D:13)
  2 hell beasts (Pan)
  2 spriggan air magi
  3 death yaks
  3 tengu warriors
  7 dancing weapons
  A two-headed ogre (shapeshifter) (Vaults:5)
  3 alligators (Swamp:2)
  5 naga warriors
  3 deep troll shamans
  A hell hog (Abyss:4)
  4 orc high priests
  2 spriggan berserkers (Depths:4)
  5 shock serpents
  Sonja (Lair:5)
  A wretched star (Abyss:4)
  6 naga sharpshooters
  3 deep troll earth magi
  18 sun demons
  14 soul eaters
  3 deep elf knights
  5 hell knights
  6 shadow wraiths
  18 deep trolls
  4 iron trolls
  2 flayed ghosts (Hell)
  A death drake (Swamp:4)
  3 goliath frogs (Swamp:2)
  3 sixfirhies (Pan)
  5 sea snakes
  4 shadow demons (Pan)
  9 cherubim (Pan)
  4 spriggan druids
  A glowing orange brain (Abyss:4)
  8 deep elf archers
  3 naga ritualists
  A glowing orange brain (shapeshifter) (Vaults:5)
  2 bog bodies
  9 necromancers
  A wizard (Depths:3)
  An orange crystal statue (Zig:13)
  A phantasmal warrior (Vaults:5)
  13 deep elf zephyrmancers
  3 swamp dragons (Zig:9)
  19 deep elf pyromancers
  7 mana vipers
  8 ironbound convokers
  9 orc knights
  A cyclops (shapeshifter) (D:15)
  2 harpies
  A shining eye (Abyss:4)
  2 orc sorcerers
  9 ugly things
  A worldbinder (Abyss:4)
  2 cyclopes
  3 manticores (D:12)
  A salamander (Snake:4)
  2 will-o-the-wisps (Swamp:2)
  2 moths of wrath
  2 guardian serpents (Snake:4)
  A water nymph (Abyss:4)
  11 black mambas
  3 naga magi
  5 vault sentinels
  4 orange demons
  An apocalypse crab (Abyss:4)
  10 smoke demons
  3 freezing wraiths
  A dire elephant skeleton (Abyss:4)
  2 cane toads
  6 yaktaurs
  4 unseen horrors
  4 komodo dragons
  3 hellions (Pan)
  6 hellwings (Pan)
  A tengu conjurer (Depths:2)
  7 demonic crawlers
  An efreet (Pan)
  2 red devils (Pan)
  A tormentor (Pan)
  12 ice devils
  A bloated husk (Zig:9)
  6 polar bears
  3 ancient zymes (Abyss:4)
  8 trolls
  2 tyrant leeches
  7 blink frogs
  Prince Ribbit (D:7)
  11 hornets
  8 raiju (Abyss:4)
  Grinder (D:5)
  6 slime creatures
  7 dream sheep
  16 spriggans
  A dire elephant simulacrum (IceCv)
  15 yaks
  An ettin skeleton (Pan)
  16 large abominations
  A vampire (Abyss:4)
  An orc zombie (Orc:2)
  An air elemental (Elf:3)
  A wraith (D:10)
  6 ynoxinuls (Pan)
  3 shadows
  A yak (shapeshifter) (D:13)
  2 basilisks
  2 nameless horrors
  3 neqoxecs
  5 vampire mosquitoes
  A fire bat (shapeshifter) (Vaults:5)
  A steam dragon (D:8)
  3 small abominations (Abyss:4)
  9 chaos spawn
  4 swamp worms
  2 harpy simulacra
  10 nagas
  2 wargs
  2 acid dragons
  4 water moccasins
  2 swamp drakes (Swamp:4)
  A sky beast (D:8)
  2 black bears (Lair:5)
  An ice beast (D:8)
  48 orc warriors
  13 ogres
  8 starcursed masses (Abyss:4)
  17 wolves
  4 boggarts (Lair:5)
  3 phantoms
  5 centaurs
  A kobold brigand (D:7)
  3 bullfrogs
  A necrophage (D:4)
  An earth elemental (Elf:2)
  3 cane toad simulacra (IceCv)
  2 scorpions
  A two-headed ogre simulacrum (IceCv)
  A cyclops skeleton (Orc:1)
  2 elephant simulacra (IceCv)
  6 electric eels
  A troll skeleton (Orc:1)
  3 howler monkeys
  2 crimson imps (Pan)
  A quasit (Abyss:4)
  2 hounds
  19 orc priests
  A gnoll bouda (D:8)
  2 iguanas (D:5)
  4 hell rats (Hell)
  11 orc wizards
  3 polar bear simulacra (IceCv)
  A wolf simulacrum (IceCv)
  An ogre zombie (Orc:1)
  13 gnolls
  12 adders
  An ogre simulacrum (Orc:1)
  2 white imps (IceCv)
  2 orc skeletons (Orc:1)
  2 dart slugs
  3 worms
  61 orcs
  3 endoplasms
  A giant cockroach (D:4)
  5 goblins
  8 hobgoblins
  8 jackals
  25 kobolds
  3 quokkas
  6 ball pythons
  4 bats
  A frilled lizard (D:3)
  3 rats
  3 briar patches (Abyss:4)
  A starspawn tentacle (Abyss:4)
1182 creatures vanquished.

Vanquished Creatures (collateral kills)
  Mnoleg (Pan)
  Mara (Depths:3)
  5 juggernauts
  Margery (Vaults:2)
  Vashnia (Snake:4)
  2 caustic shrikes (Depths:4)
  Saint Roka (Orc:2)
  2 golden dragons
  A Brimstone Fiend (Pan)
  3 tentacled monstrosities
  An Ice Fiend (Pan)
  2 pandemonium lords (Pan)
  A searing wretch (Zig:5)
  7 titans
  The ghost of Foimof the Imperceptible, an adept FeVM of Ru (Depths:3)
  A lich (Depths:3)
  3 quicksilver dragons (Vaults:5)
  An Executioner (Pan)
  An eldritch tentacle (Pan)
  A deep elf blademaster (Elf:3)
  A tentacled starspawn (Abyss:4)
  2 storm dragons (Vaults:5)
  4 sphinxes (Vaults:5)
  3 tengu reavers
  A draconian monk (Zig:11)
  2 nagarajas (Snake:4)
  2 thorn hunters
  2 shadow dragons
  2 draconian knights
  A daeva (Pan)
  3 frost giants
  4 slime creatures
  2 fire giants
  2 orc warlords (Zig:12)
  3 deep elf sorcerers
  9 vault wardens
  7 balrugs
  A draconian scorcher (Zig:11)
  A deep elf elementalist (Elf:3)
  5 angels (Pan)
  A draconian shifter (Zig:11)
  12 cacodemons
  A curse skull (Pan)
  A draconian stormcaller (Zig:4)
  2 war gargoyles
  7 ironbound preservers
  3 draconian annihilators
  10 very ugly things
  2 ironbound thunderhulks
  6 stone giants
  3 reapers
  A demonspawn blood saint (Pan)
  A green draconian (Depths:4)
  2 demonspawn corrupters (Pan)
  4 ophanim (Pan)
  An eleionoma (Zig:6)
  A lorocyproca (Abyss:4)
  3 yellow draconians
  A black draconian (Zot:1)
  An entropy weaver (shapeshifter) (Vaults:5)
  A deep elf demonologist (Vaults:5)
  2 dire elephants
  A bunyip (Swamp:3)
  5 red draconians
  A demonspawn black sun (Pan)
  6 deep elf annihilators
  A white draconian (Zig:11)
  3 purple draconians
  An entropy weaver (Vaults:5)
  An eidolon (Abyss:4)
  3 deep elf death magi
  4 green deaths
  An ettin (shapeshifter) (Abyss:4)
  An ettin (Vaults:5)
  A crystal guardian (Vaults:2)
  2 great orbs of eyes
  A deep elf high priest (Vaults:5)
  4 yaktaur captains
  3 shambling mangroves
  14 hydras
  2 boulder beetles
  3 rakshasas
  2 salamander tyrants
  A peacekeeper (Vaults:2)
  14 vault guards
  8 ogre magi
  A hell beast (Pan)
  A ghost crab (Swamp:2)
  A radroach (shapeshifter) (Vaults:5)
  5 ice dragons
  7 centaur warriors
  2 anacondas
  2 death yaks
  A naga warrior (Snake:4)
  4 tengu warriors
  2 deep troll shamans (Depths:4)
  16 two-headed ogres
  3 deep troll earth magi
  4 naga sharpshooters (Snake:4)
  4 orc high priests
  A dancing weapon (Elf:3)
  A shock serpent (Snake:1)
  4 hell knights
  3 spriggan berserkers
  3 deep elf knights
  2 thrashing horrors (Abyss:4)
  3 soul eaters (Pan)
  14 sun demons
  A salamander mystic (Snake:4)
  4 sixfirhies (Pan)
  2 cherubim (Pan)
  5 iron trolls
  A goliath frog (Swamp:2)
  A spriggan druid (Swamp:2)
  2 sea snakes
  A glowing orange brain (shapeshifter) (Vaults:5)
  A spriggan rider (Lair:5)
  4 bog bodies
  An orange crystal statue (Zig:13)
  A glowing orange brain (Depths:4)
  3 naga ritualists (Snake:4)
  7 swamp dragons
  3 phantasmal warriors (Vaults:5)
  A deep elf archer (Elf:1)
  5 wizards
  4 ironbound convokers
  17 deep trolls
  A necromancer (Hell)
  4 orc knights
  3 harpies (Vaults:2)
  3 mana vipers
  3 deep elf pyromancers
  26 ugly things
  7 deep elf zephyrmancers
  3 will-o-the-wisps
  2 salamanders
  3 orc sorcerers
  A cyclops (D:15)
  A shining eye (shapeshifter) (Vaults:5)
  3 worldbinders (Abyss:4)
  4 shining eyes
  4 black mambas
  A moth of wrath (shapeshifter) (Depths:2)
  11 vault sentinels
  A rust devil (Pan)
  5 guardian serpents (Snake:4)
  2 cane toads
  An apocalypse crab (Abyss:4)
  A water nymph (Abyss:4)
  3 eyes of devastation (Pan)
  13 orange demons (Pan)
  A centaur skeleton (Pan)
  3 naga magi
  4 hellions
  4 komodo dragons
  14 smoke demons
  2 rime drakes
  2 tengu conjurers
  18 yaktaurs
  2 demonic crawlers
  2 efreet (Pan)
  4 hellwings
  3 ice devils
  4 ancient zymes (Abyss:4)
  A troll (Vaults:5)
  3 polar bears
  3 red devils (Pan)
  A blink frog (Lair:1)
  A dream sheep (Lair:5)
  8 hornets
  10 raiju (Abyss:4)
  7 water elementals
  3 spriggans
  2 wraiths
  5 ynoxinuls
  9 yaks
  10 large abominations
  A black mamba skeleton (Pan)
  A fire bat (Abyss:4)
  2 golden eyes (Pan)
  12 neqoxecs (Pan)
  A basilisk (Lair:5)
  8 chaos spawn
  2 vampire mosquitoes (Swamp:3)
  3 wargs
  A harpy simulacrum (Abyss:4)
  9 nagas
  2 swamp worms
  3 small abominations (Abyss:4)
  3 water moccasins
  6 floating eyes
  A floating eye (shapeshifter) (Vaults:5)
  6 swamp drakes
  13 orc warriors
  A centaur (D:11)
  5 ogres
  7 wolves
  A kobold brigand (D:8)
  2 bullfrogs
  A crimson imp (Pan)
  2 starcursed masses (Abyss:4)
  A quasit (Abyss:4)
  8 orc priests
  5 orc wizards
  An ogre skeleton (Orc:1)
  3 adders (Lair:3)
  A gnoll (Orc:1)
  An ogre simulacrum (Orc:1)
  An orc skeleton (Orc:1)
  2 orc zombies (Orc:1)
  An orc simulacrum (Orc:1)
  11 orcs
  A goblin (Bailey)
  A briar patch (Abyss:4)
  3 fire vortices
  A lurking horror (Abyss:4)
  A starspawn tentacle (Abyss:4)
758 creatures vanquished.

Vanquished Creatures (others)
  A Brimstone Fiend (Pan)
  A nagaraja (Abyss:4)
  A fire giant (Zig:13)
  2 deep elf sorcerers
  A vault warden (Vaults:2)
  A war gargoyle (Vaults:2)
  An ironbound preserver (Abyss:4)
  A purple draconian (Hell)
  A very ugly thing zombie (Vaults:5)
  2 yaktaur captains
  An ironbound frostheart (Vaults:2)
  A hell knight (Hell)
  2 deep elf knights (Elf:1)
  2 sun demons (Pan)
  A golden dragon zombie (Vaults:5)
  A sixfirhy (Pan)
  3 anaconda zombies (Snake:4)
  A swamp dragon (Swamp:2)
  A bunyip zombie (Swamp:4)
  A sphinx zombie (Vaults:5)
  A goliath frog zombie (Swamp:2)
  2 deep elf zephyrmancers (Elf:1)
  An eleionoma zombie (Swamp:4)
  A necromancer (Abyss:4)
  An ugly thing zombie (IceCv)
  A stone giant zombie (Vaults:5)
  A salamander zombie (Snake:4)
  A vault sentinel (Abyss:4)
  A dire elephant zombie (Vaults:4)
  A torpor snail (shapeshifter) (Vaults:2)
  A yaktaur zombie (Vaults:3)
  2 sea snake zombies (Snake:1)
  A hellwing (Abyss:4)
  A yaktaur (Vaults:3)
  A tormentor (Zig:5)
  An unseen horror zombie (D:13)
  10 hydra zombies
  A swamp worm zombie (Swamp:4)
  3 mana viper zombies
  3 bloated husks
  A death drake zombie (Swamp:4)
  A large abomination (Abyss:4)
  An alligator zombie (Swamp:2)
  A radroach zombie (Vaults:5)
  2 guardian serpent zombies (Snake:4)
  A ynoxinul (Pan)
  5 black mamba zombies
  A tyrant leech zombie (Swamp:4)
  A water elemental (Elf:1)
  A fire elemental (Elf:1)
  A chaos spawn (Abyss:4)
  2 vampire mosquitoes (Swamp:3)
  A swamp worm (Swamp:3)
  A cane toad zombie (Lair:5)
  25 elf zombies
  A deep troll zombie (Vaults:2)
  2 two-headed ogre zombies (D:13)
  12 human zombies
  An ogre zombie (D:13)
  A swamp drake (Abyss:4)
  An orc warrior (Zig:2)
  A hornet zombie (Lair:5)
  A swamp dragon zombie (Swamp:4)
  A manticore zombie (D:12)
  2 blink frog zombies (Lair:1)
  3 komodo dragon zombies
  2 vampire mosquito zombies (Swamp:3)
  A warg zombie (Orc:2)
  3 spriggan zombies
  3 troll zombies
  2 wolf zombies (Lair:5)
  2 centaur zombies
  A black bear zombie (Lair:5)
  2 orc priests
  2 boggart zombies (Lair:5)
  13 naga zombies
  2 acid dragon zombies
  3 swamp drake zombies
  2 adder zombies (Lair:3)
  2 orcs
  4 gnoll zombies
  2 goblin zombies (Bailey)
  5 kobold zombies
  60 orc zombies
  3 ball lightnings (Pan)
  A block of ice (Pan)
  2 briar patches (Abyss:4)
  7 fire vortices
  20 foxfires
  22 fungi
  47 plants
  6 starspawn tentacles (Abyss:4)
351 creatures vanquished.

Grand Total: 2291 creatures vanquished

Notes
Turn   | Place    | Note
-------+----------+-------------------------------------------
     0 | D:1      | Zeldest the Meteoran Venom Mage began the quest for the
                  | Orb.
     0 | D:1      | Reached XP level 1. HP: 14/14 MP: 5/5
   104 | D:2      | Reached XP level 2. HP: 20/22 MP: 1/6
   218 | D:4      | Found Izefriff's Book Shop.
   231 | D:4      | Noticed a howler monkey
   314 | D:3      | Found an iron altar of Okawaru.
   373 | D:3      | Reached XP level 3. HP: 18/27 MP: 8/8
   387 | D:3      | Found a sparkling altar of Nemelex Xobeh.
   387 | D:3      | Found an opulent altar of Gozag.
   419 | D:3      | Found a shimmering blue altar of Sif Muna.
   447 | D:3      | Reached skill level 1 in Fighting
   493 | D:1      | Found Xasoc's Magic Scroll Shoppe.
   510 | D:1      | Bought a scroll of teleportation for 39 gold pieces
   633 | D:2      | Reached skill level 1 in Unarmed Combat
   633 | D:2      | Reached XP level 4. HP: 35/35 MP: 9/9
   638 | D:2      | Learned a level 4 spell: Olgreb's Toxic Radiance
   743 | D:3      | Found a faded altar of an unknown god.
   805 | D:4      | Reached skill level 1 in Earth Magic
   806 | D:4      | Reached XP level 5. HP: 15/40 MP: 8/11
   835 | D:4      | HP: 1/40 [gnoll/+0 flail (10)]
   896 | D:4      | Found a staircase to the Ecumenical Temple.
   937 | Temple   | Entered the Ecumenical Temple
   949 | Temple   | Became a worshipper of Kikubaaqudgha
   970 | D:4      | Noticed a necrophage
  1013 | D:4      | Gained mutation: You are partially covered in iridescent
                  | scales. (AC +2) [potion of mutation]
  1028 | D:4      | Killed a necrophage
  1029 | D:4      | Reached XP level 6. HP: 10/47 MP: 12/12
  1086 | D:4      | Noticed an ogre
  1100 | D:4      | Killed an ogre
  1101 | D:4      | Reached skill level 1 in Necromancy
  1168 | D:4      | Learned a level 3 spell: Mephitic Cloud
  1181 | D:4      | Reached XP level 7. HP: 47/56 MP: 14/14
  1320 | D:5      | Entered Level 5 of the Dungeon
  1403 | D:5      | Found a snail-covered altar of Cheibriados.
  1511 | D:5      | Found a stormy altar of Qazlal.
  1518 | D:5      | Found a burning altar of Makhleb.
  1587 | D:6      | Reached XP level 8. HP: 59/63 MP: 12/15
  1596 | D:6      | Reached * piety under Kikubaaqudgha
  1596 | D:6      | Received a gift from Kikubaaqudgha
  1875 | D:5      | Noticed Grinder
  1880 | D:5      | Paralysed by Grinder for 4 turns
  1896 | D:5      | Killed Grinder
  1897 | D:5      | Reached skill level 5 in Spellcasting
  1897 | D:5      | Reached skill level 5 in Poison Magic
  1975 | D:7      | You fall into a shaft and drop 1 floor!
  1996 | D:7      | Found Digovir's Antique Weapon Shoppe.
  2008 | D:7      | Gained mutation: You passively map the area around you.
                  | [Meteoran growth]
  2008 | D:7      | Reached XP level 9. HP: 72/72 MP: 17/17
  2028 | D:7      | Found a sacrificial altar of Ru.
  2089 | D:7      | Noticed Prince Ribbit
  2105 | D:7      | Killed Prince Ribbit
  2106 | D:7      | Reached skill level 5 in Transmutations
  2170 | D:8      | Reached ** piety under Kikubaaqudgha
  2171 | D:8      | Reached skill level 5 in Unarmed Combat
  2177 | D:8      | Learned a level 4 spell: Animate Dead
  2192 | D:8      | Found a broken altar of Ashenzari.
  2212 | D:8      | Reached skill level 5 in Fighting
  2212 | D:8      | Reached skill level 5 in Earth Magic
  2275 | D:8      | Found a hazy altar of Hepliaklqana.
  2484 | D:9      | Found a staircase to the Lair.
  2592 | D:9      | Found a flagged portal.
  2600 | Bailey   | Entered a bailey
  2679 | Bailey   | Reached XP level 10. HP: 80/81 MP: 0/18
  2684 | Bailey   | Reached skill level 5 in Necromancy
  2708 | Bailey   | Reached *** piety under Kikubaaqudgha
  2708 | Bailey   | Received a gift from Kikubaaqudgha
  2715 | Bailey   | Learned a level 5 spell: Borgnjor's Vile Clutch
  2972 | D:4      | Bought a book of Sloth for 468 gold pieces
  3268 | Lair:1   | Entered Level 1 of the Lair of Beasts
  3268 | Lair:1   | Noticed a komodo dragon
  3278 | Lair:1   | Noticed a komodo dragon
  3280 | Lair:1   | Noticed a seven-headed hydra
  3288 | Lair:1   | Killed a komodo dragon
  3293 | Lair:1   | Killed a komodo dragon
  3302 | Lair:1   | Killed a seven-headed hydra
  3303 | Lair:1   | Reached XP level 11. HP: 53/89 MP: 17/19
  3315 | Lair:1   | Noticed a six-headed hydra
  3320 | Lair:1   | Killed a six-headed hydra
  3322 | Lair:1   | Noticed a five-headed hydra
  3329 | Lair:1   | Killed a five-headed hydra
  3419 | Lair:2   | Noticed an oklob plant
  3440 | Lair:2   | Found a staircase to the Swamp.
  3459 | Lair:2   | Learned a level 6 spell: Statue Form
  3516 | Lair:2   | Reached **** piety under Kikubaaqudgha
  3561 | Lair:2   | You fall into a shaft and drop 1 floor!
  3563 | Lair:3   | Found a staircase to the Snake Pit.
  3585 | Lair:3   | Found a runed translucent door.
  3586 | Lair:3   | Noticed Archem's ghost (journeyman OgTm)
  3666 | Lair:3   | Noticed a black mamba
  3675 | Lair:3   | Killed a black mamba
  3676 | Lair:3   | Reached XP level 12. HP: 96/96 MP: 20/23
  3695 | Lair:3   | Reached skill level 10 in Transmutations
  3698 | Lair:3   | Reached skill level 10 in Earth Magic
  3899 | Lair:4   | Noticed a six-headed hydra
  3903 | Lair:4   | Noticed a death yak
  3904 | Lair:4   | Killed a six-headed hydra
  3904 | Lair:4   | Reached ***** piety under Kikubaaqudgha
  3909 | Lair:4   | Killed a death yak
  3932 | Lair:4   | Noticed a death yak
  3937 | Lair:4   | Killed a death yak
  3938 | Lair:4   | Reached XP level 13. HP: 104/104 MP: 26/26
  4125 | Lair:4   | Identified the +4 morningstar of Fragile Peace {speed,
                  | rPois}
  4137 | Lair:5   | Entered Level 5 of the Lair of Beasts
  4137 | Lair:5   | Found a staircase to the Slime Pits.
  4137 | Lair:5   | Found a viscous altar of Jiyva.
  4224 | Lair:5   | Noticed Sonja
  4229 | Lair:5   | Killed Sonja
  4235 | Lair:5   | Noticed a death yak
  4239 | Lair:5   | Reached skill level 10 in Unarmed Combat
  4239 | Lair:5   | Noticed a death yak
  4241 | Lair:5   | Noticed a death yak
  4249 | Lair:5   | Killed a death yak
  4264 | Lair:5   | Killed a death yak
  4268 | Lair:5   | Killed a death yak
  4271 | Lair:5   | Noticed a five-headed hydra
  4276 | Lair:5   | Reached skill level 10 in Spellcasting
  4446 | Snake:1  | Entered Level 1 of the Snake Pit
  4462 | Snake:1  | Reached XP level 14. HP: 116/116 MP: 29/29
  4539 | Snake:1  | Learned a level 6 spell: Death Channel
  4632 | Snake:1  | Noticed a nagaraja
  4636 | Snake:1  | Killed a nagaraja
  4637 | Snake:1  | Reached skill level 1 in Summonings
  4668 | Snake:1  | Reached ****** piety under Kikubaaqudgha
  4802 | Snake:2  | Reached skill level 10 in Necromancy
  4805 | Snake:2  | Found Figob's Antique Weapon Shoppe.
  4806 | Snake:2  | Found Dupusm's Book Emporium.
  4806 | Snake:2  | Found Laxacwiwif's General Store.
  4811 | Snake:2  | Found Nyellysm's Assorted Antiques.
  4816 | Snake:2  | Bought a scroll of teleportation for 60 gold pieces
  4925 | Snake:2  | Reached XP level 15. HP: 112/126 MP: 30/30
  4956 | Snake:4  | Entered Level 4 of the Snake Pit
  4956 | Snake:4  | Found Vuemomm's Distillery.
  4967 | Snake:4  | Bought 2 potions of heal wounds for 180 gold pieces
  4967 | Snake:4  | Bought a potion of heal wounds for 90 gold pieces
  4983 | Snake:4  | Found Ajyani's Antique Armour Boutique.
  5040 | Snake:4  | Reached skill level 10 in Fighting
  5050 | Snake:4  | Reached skill level 5 in Summonings
  5069 | Snake:3  | Received a gift from Kikubaaqudgha
  5177 | Snake:4  | Noticed a nagaraja
  5181 | Snake:4  | Killed a nagaraja
  5199 | Snake:4  | Noticed a nagaraja
  5205 | Snake:4  | Noticed Vashnia
  5212 | Snake:4  | Reached XP level 16. HP: 48/137 MP: 6/31
  5212 | Snake:4  | Noticed a nagaraja
  5213 | Snake:4  | Killed a nagaraja
  5220 | Snake:4  | Killed Vashnia
  5221 | Snake:4  | Reached skill level 1 in Evocations
  5221 | Snake:4  | Killed a nagaraja
  5254 | Snake:4  | Found Xudant's Assorted Antiques.
  5262 | Snake:4  | Bought a scroll of magic mapping for 165 gold pieces
  5331 | Snake:4  | Noticed a nagaraja
  5335 | Snake:4  | Killed a nagaraja
  5341 | Snake:4  | Got a serpentine rune of Zot
  5593 | Snake:2  | Reached skill level 1 in Shields
  5801 | Swamp:1  | Entered Level 1 of the Swamp
  5821 | Swamp:1  | Identified the ring "Omaod" {rCorr Dex+6}
  5985 | Swamp:3  | Noticed a thorn hunter
  5992 | Swamp:3  | Killed a thorn hunter
  6114 | Swamp:2  | Noticed Aizul
  6122 | Swamp:2  | Killed Aizul
  6187 | Swamp:2  | Reached XP level 17. HP: 139/147 MP: 26/32
  6223 | Swamp:3  | Identified the +1 pair of gloves of Immorality {Dex+2}
  6277 | Swamp:4  | Entered Level 4 of the Swamp
  6322 | Swamp:4  | Reached skill level 5 in Shields
  6337 | Swamp:4  | Reached skill level 10 in Summonings
  6338 | Swamp:4  | Noticed a thorn hunter
  6343 | Swamp:4  | Killed a thorn hunter
  6353 | Swamp:4  | Got a decaying rune of Zot
  6354 | Swamp:4  | Reached skill level 15 in Unarmed Combat
  6602 | D:10     | Entered Level 10 of the Dungeon
  6602 | D:10     | Found Muiho's Assorted Antiques.
  7003 | D:11     | Found a frozen archway.
  7019 | IceCv    | Entered an ice cave
  7061 | IceCv    | Found the +4 skin of Zhor {*Englaciate rC+++ SInv}
  7368 | D:11     | Found a staircase to the Orcish Mines.
  7378 | Orc:1    | Entered Level 1 of the Orcish Mines
  7435 | Orc:1    | Gained mutation: You passively map a large area around you.
                  | [Meteoran growth]
  7435 | Orc:1    | Reached XP level 18. HP: 150/150 MP: 33/33
  7557 | Orc:2    | Entered Level 2 of the Orcish Mines
  7797 | Orc:2    | Noticed Saint Roka
  7819 | Orc:2    | Found a staircase to the Elven Halls.
  7820 | Orc:2    | Killed Saint Roka
  7860 | Orc:2    | Found Wimaaps's Book Emporium.
  7960 | Orc:2    | Found Tufeghatz's Assorted Antiques.
  7960 | Orc:2    | Found Tyry's Distillery.
  7961 | Orc:2    | Found Fogro's Distillery.
  7961 | Orc:2    | Found Bych's Magic Scroll Boutique.
  7972 | Orc:2    | Bought a potion of heal wounds for 85 gold pieces
  8041 | Elf:1    | Entered Level 1 of the Elven Halls
  8168 | Elf:2    | You are sucked into a shaft and drop 1 floor!
  8168 | Elf:3    | Entered Level 3 of the Elven Halls
  8231 | Elf:3    | Noticed an Executioner
  8249 | Elf:3    | Noticed a Hell Sentinel
  8322 | Elf:3    | Paralysed by an air elemental for 1 turns
  8394 | Elf:3    | Noticed an Ice Fiend
  8396 | Elf:3    | Noticed a deep elf blademaster
  8402 | Elf:3    | Noticed a deep elf master archer
  8407 | Elf:3    | Killed a deep elf blademaster
  8408 | Elf:3    | Reached skill level 15 in Necromancy
  8408 | Elf:3    | Reached XP level 19. HP: 168/168 MP: 16/34
  8408 | Elf:3    | Noticed a deep elf blademaster
  8408 | Elf:3    | Killed a deep elf master archer
  8411 | Elf:3    | Killed a deep elf blademaster
  8412 | Elf:3    | Reached skill level 10 in Shields
  8433 | Elf:3    | Identified the +6 quarterstaff of the Boiling Point {drain,
                  | Will- rCorr Dex+3}
  8525 | Elf:3    | Identified the +5 scimitar of Kikubaaqudgha {pain, rC-
                  | Int-2 SInv Stlth+}
  8671 | Elf:1    | Found an ancient bone altar of Kikubaaqudgha.
  8693 | Elf:1    | Reached skill level 15 in Fighting
  8720 | Elf:1    | Found Olits's Distillery.
  8728 | Elf:1    | Bought a potion of haste for 150 gold pieces
  8728 | Elf:1    | Bought a potion of haste for 150 gold pieces
  9096 | D:13     | Found a portal to a secret trove of treasure.
  9190 | D:13     | Found a gate to the Vaults.
  9222 | D:13     | Learned a level 8 spell: Infestation
  9278 | Vaults:1 | Entered Level 1 of the Vaults
  9397 | Vaults:1 | Reached XP level 20. HP: 178/178 MP: 23/35
  9567 | Vaults:1 | You fall into a shaft and drop 1 floor!
  9711 | Vaults:2 | Noticed Margery
  9753 | Vaults:2 | Gained mutation: Your magical capacity is low. (-10% MP)
                  | [mutagenic glow]
  9825 | Vaults:2 | Killed Margery
  9904 | Vaults:3 | Reached XP level 21. HP: 135/184 MP: 10/32
  9994 | Vaults:3 | Learned a level 7 spell: Haunt
 10228 | Vaults:4 | Identified the +3 shortbow "Ucyuwk" {venom, +Blink}
 10422 | Vaults:5 | Entered Level 5 of the Vaults
 10437 | Vaults:5 | Noticed a golden dragon
 10448 | Vaults:5 | Killed a golden dragon
 10469 | Vaults:5 | Reached XP level 22. HP: 194/194 MP: 16/33
 10474 | Vaults:5 | Got Emuipu's Quarto of the Gusty Mausoleum
 10476 | Vaults:5 | Found the +4 Cigotuvi's embrace {rMiasma Drain rN+}
 10496 | Vaults:5 | Noticed a Brimstone Fiend
 10540 | Vaults:5 | Identified the amulet of Doochuq {Spirit Regen+ Int-4 SInv
                  | Stlth+}
 10564 | Vaults:5 | Found Jimoir's Antique Weapon Shoppe.
 10570 | Vaults:5 | Noticed a caustic shrike
 10572 | Vaults:5 | Got the Anthology of Impurities and Rime
 10575 | Vaults:5 | Identified the ring of the Okapi {Fly rCorr Slay+3}
 10645 | Vaults:5 | Found the +1 robe of Vines {NoPotionHeal Regen++++}
 10655 | Vaults:5 | Identified the +1 pair of gloves of Insatiable Hunger
                  | {rElec rPois Str+4 Dex+2}
 10718 | Vaults:5 | Got a silver rune of Zot
 11093 | D:13     | Learned a level 8 spell: Necromutation
 11175 | D:15     | Entered Level 15 of the Dungeon
 11196 | D:15     | Reached XP level 23. HP: 203/203 MP: 2/35
 11335 | D:15     | Reached skill level 5 in Dodging
 11392 | D:15     | Reached skill level 15 in Transmutations
 11392 | D:15     | Found a staircase to the Depths.
 11404 | Depths:1 | Entered Level 1 of the Depths
 11406 | Depths:1 | Found a gateway to Hell.
 11453 | Depths:1 | Learned a level 2 spell: Sublimation of Blood
 11455 | Hell     | Entered the Vestibule of Hell
 11455 | Hell     | Noticed Geryon
 11610 | Depths:1 | Learned a level 5 spell: Irradiate
 11663 | Depths:2 | Found a runed translucent door.
 11667 | Depths:2 | Noticed Coqe's ghost (adept DrCj)
 11684 | Depths:2 | Reached skill level 1 in Conjurations
 11730 | Depths:2 | Found Kipt's Weapon Boutique.
 11773 | Depths:2 | Found a shimmering blue altar of Sif Muna.
 11834 | Depths:2 | Found a glowing golden altar of the Shining One.
 11865 | Depths:3 | Got the Directory of Conduction and Hypothermia
 11880 | Depths:3 | Noticed Boris
 11895 | Depths:3 | Killed Boris
 11914 | Depths:3 | Found a flickering gateway to a bazaar.
 11941 | Depths:3 | Found a one-way gate to the infinite horrors of the Abyss.
 11948 | Bazaar   | Entered a bazaar
 11951 | Bazaar   | Found Nown's Book Shop.
 11959 | Bazaar   | Bought the Unrestrained Analects for 440 gold pieces
 11959 | Bazaar   | Bought Giumum's Codex of Charged Grit for 460 gold pieces
 11968 | Bazaar   | Found Kitebryl's General Store.
 11968 | Bazaar   | Found Ackicua's Jewellery Boutique.
 11976 | Bazaar   | Bought a scroll of summoning for 161 gold pieces
 11986 | Bazaar   | Bought the ring of Agnosticism {rElec rF+ rC+ rN+} for 451
                  | gold pieces
 11990 | Bazaar   | Bought a ring of willpower for 225 gold pieces
 11999 | Bazaar   | Found Nif Fete's Jewellery Boutique.
 12052 | Depths:3 | Reached skill level 1 in Fire Magic
 12087 | Depths:3 | Noticed Foimof's ghost (adept FeVM)
 12093 | Depths:3 | Found a runed translucent door.
 12111 | Depths:3 | Killed Foimof's ghost
 12167 | Depths:3 | Found a radiant altar of Vehumet.
 12190 | Depths:3 | Noticed Mara
 12191 | Depths:3 | Noticed a golden dragon
 12195 | Depths:3 | Found Tetol's Jewellery Shoppe.
 12197 | Depths:3 | Killed Mara
 12198 | Depths:3 | Reached skill level 5 in Fire Magic
 12198 | Depths:3 | Reached XP level 24. HP: 212/212 MP: 23/36
 12201 | Depths:3 | Killed a golden dragon
 12222 | Depths:4 | Entered Level 4 of the Depths
 12238 | Depths:4 | Noticed a juggernaut
 12256 | Depths:4 | Killed a juggernaut
 12269 | Depths:4 | Noticed a caustic shrike
 12272 | Depths:4 | Noticed a caustic shrike
 12274 | Depths:4 | Killed a caustic shrike
 12275 | Depths:4 | Noticed a caustic shrike
 12275 | Depths:4 | Noticed a caustic shrike
 12282 | Depths:4 | Killed a caustic shrike
 12282 | Depths:4 | Killed a caustic shrike
 12285 | Depths:4 | Killed a caustic shrike
 12315 | Depths:4 | Reached skill level 10 in Fire Magic
 12502 | Depths:4 | Noticed a juggernaut
 12509 | Depths:4 | Killed a juggernaut
 12521 | Depths:4 | Found a one-way gateway to a ziggurat.
 12530 | Depths:4 | Gained mutation: Your magical capacity is very low. (-20%
                  | MP) [a shining eye]
 12546 | Zig:1    | Entered Level 1 of a ziggurat
 12565 | Zig:2    | Entered Level 2 of a ziggurat
 12590 | Zig:3    | Entered Level 3 of a ziggurat
 12648 | Zig:4    | Entered Level 4 of a ziggurat
 12674 | Abyss:4  | Cast into level 4 of the Abyss (black draconian knight)
 12930 | Abyss:4  | Paralysed by you for 5 turns
 13070 | Abyss:4  | Reached XP level 25. HP: 220/220 MP: 27/32
 13088 | Zig:4    | Escaped the Abyss
 13136 | Zig:5    | Entered Level 5 of a ziggurat
 13154 | Zig:5    | Reached skill level 15 in Fire Magic
 13184 | Zig:6    | Entered Level 6 of a ziggurat
 13196 | Zig:6    | Learned a level 8 spell: Ignition
 13226 | Zig:6    | Identified the +5 war axe "Vinuh" {drain, rPois rF++ Will-
                  | Dex+3}
 13235 | Zig:7    | Entered Level 7 of a ziggurat
 13241 | Zig:7    | Noticed a juggernaut
 13242 | Zig:7    | Noticed a juggernaut
 13262 | Zig:7    | Killed a juggernaut
 13265 | Zig:7    | Killed a juggernaut
 13290 | Zig:8    | Entered Level 8 of a ziggurat
 13313 | Zig:8    | Identified the ring of Xom's Capriciousness {rPois Int+6}
 13316 | Zig:8    | Identified the +11 spear of Disgust {drain, rC+ rN+ Will+}
 13338 | Zig:9    | Entered Level 9 of a ziggurat
 13375 | Zig:10   | Entered Level 10 of a ziggurat
 13382 | Zig:10   | Noticed a caustic shrike
 13384 | Zig:10   | Noticed a caustic shrike
 13392 | Zig:11   | Entered Level 11 of a ziggurat
 13508 | Zig:11   | Identified the +6 longbow "Motockoi" {speed, Int+2}
 13526 | Zig:12   | Entered Level 12 of a ziggurat
 13531 | Zig:12   | Noticed a juggernaut
 13532 | Zig:12   | Noticed a juggernaut
 13539 | Zig:12   | Killed a juggernaut
 13539 | Zig:12   | Noticed a juggernaut
 13541 | Zig:12   | Reached skill level 1 in Armour
 13543 | Zig:12   | Killed a juggernaut
 13544 | Zig:12   | Killed a juggernaut
 13553 | Zig:12   | Got Sif Muna's Compendium of the Inferno and Production
 13556 | Zig:12   | Got the Grimoire of the Pyromaniac
 13563 | Zig:12   | Identified the amulet "Hucuc" {Harm rElec Regen+}
 13594 | Zig:13   | Entered Level 13 of a ziggurat
 13646 | Depths:4 | Voluntarily entered the Abyss.
 13678 | Abyss:4  | Noticed a golden dragon
 13678 | Abyss:4  | an iron dragon changed into a golden dragon
 13683 | Abyss:4  | Noticed a juggernaut
 13683 | Abyss:4  | a golden dragon changed into a juggernaut
 13685 | Abyss:4  | Noticed a shard shrike
 13685 | Abyss:4  | a juggernaut changed into a shard shrike
 13692 | Abyss:4  | a shard shrike changed into a rockslime
 13772 | Abyss:4  | Reached XP level 26. HP: 228/228 MP: 31/32
 13818 | Abyss:4  | Got an abyssal rune of Zot
 13833 | Depths:4 | Escaped the Abyss
 13911 | Depths:4 | Found a runed translucent door.
 13911 | Depths:4 | Found a runed translucent door.
 13971 | Depths:4 | Found a runed translucent door.
 13991 | Depths:4 | Reached skill level 5 in Evocations
 14047 | Depths:4 | Found a runed translucent door.
 14055 | Depths:4 | Found a runed translucent door.
 14180 | Depths:4 | Found a gate to the Realm of Zot.
 14189 | Zot:1    | Entered Level 1 of the Realm of Zot
 14253 | Zot:1    | Reached skill level 5 in Armour
 14588 | Depths:4 | Found a one-way gate leading to the halls of Pandemonium.
 14591 | Pan      | Entered Pandemonium
 14691 | Pan      | Identified the +8 chain mail of the Orb Guardian {Str+4
                  | SInv}
 14870 | Pan      | Noticed Tippeom the pandemonium lord
 14905 | Pan      | Killed Tippeom the pandemonium lord
 14949 | Pan      | Reached skill level 10 in Dodging
 15007 | Pan      | Noticed Vihef the pandemonium lord
 15020 | Pan      | Reached XP level 27. HP: 169/238 MP: 11/33
 15130 | Pan      | Killed Vihef the pandemonium lord
 15549 | Pan      | Noticed a seraph
 15560 | Pan      | Killed a seraph
 15661 | Pan      | Found a glowing golden altar of the Shining One.
 15668 | Pan      | Got the Textbook on Warped Venin
 15672 | Pan      | Identified the +3 robe "Caynoegu" {Harm Drain Will++
                  | Regen+}
 15674 | Pan      | Identified the +1 flail "Qiagutoc" {pain, rF+ rC++ Str+4}
 15677 | Pan      | Got a demonic rune of Zot
 15681 | Pan      | Identified the +5 longbow "Soischyr" {freeze, rPois rCorr
                  | Str-2 SInv}
 15683 | Pan      | Identified the +3 hand axe "Defootof" {protect, Str+3}
 15688 | Pan      | Identified the +7 halberd of the Orcish Mines {protect,
                  | +Blink Str+4 Int+4 Stlth-}
 15863 | Pan      | Noticed Bouskiar the pandemonium lord
 16071 | Pan      | Entered the realm of Gloorx Vloq.
 16228 | Pan      | Noticed Gloorx Vloq
 16405 | Pan      | Reached skill level 5 in Conjurations
 16454 | Pan      | Learned a level 1 spell: Apportation
 16468 | Pan      | Got a dark rune of Zot
 16542 | Pan      | Learned a level 8 spell: Borgnjor's Revivification
 16892 | Pan      | Reached skill level 15 in Shields
 16947 | Pan      | Entered the realm of Lom Lobon.
 17106 | Pan      | Noticed Lom Lobon
 17121 | Pan      | Killed Lom Lobon
 17146 | Pan      | Got a magical rune of Zot
 17339 | Pan      | Found an exit through the horrors of the Abyss.
 17394 | Pan      | Reached skill level 10 in Conjurations
 17437 | Pan      | Noticed Ehagykk the pandemonium lord
 17613 | Pan      | Entered the realm of Cerebov.
 17656 | Pan      | Noticed Gloorx Vloq
 17702 | Pan      | Killed Gloorx Vloq
 17776 | Pan      | Found an exit through the horrors of the Abyss.
 17802 | Pan      | Reached skill level 1 in Translocations
 17864 | Pan      | Found the +6 sword of Cerebov {flame}
 17864 | Pan      | Noticed Cerebov
 17984 | Pan      | Killed Cerebov
 18046 | Pan      | Identified the +6 spear "Umpeulan" {distort, Int+4}
 18083 | Pan      | Identified the +8 war axe "Qucuaj" {drain, rC+ Int+4}
 18100 | Pan      | Identified the ring "Zilu" {rF+ AC+4}
 18102 | Pan      | Identified the +2 mace of Sadd {freeze, Fly rF+ rCorr
                  | Str+2}
 18140 | Pan      | Got a fiery rune of Zot
 18190 | Pan      | Entered the realm of Mnoleg.
 18421 | Pan      | Noticed Mnoleg
 18427 | Pan      | Paralysed by a floating eye for 3 turns
 18436 | Pan      | Killed Mnoleg
 18473 | Pan      | Got a glowing rune of Zot
 18557 | Pan      | Noticed Huschyn the pandemonium lord
 18564 | Pan      | Killed Huschyn the pandemonium lord
 18589 | Pan      | Noticed Hawiam the pandemonium lord
 18665 | Pan      | Found an exit through the horrors of the Abyss.
 18672 | Pan      | Took an exit into the Abyss.
 18672 | Abyss:4  | Escaped into the Abyss
 18921 | Depths:4 | Escaped the Abyss
 18977 | Depths:4 | Reached skill level 5 in Translocations
 19109 | Hell     | HP: 8/242 [sun demon (10)]
 19109 | Hell     | HP: 3/242 [sun demon (5)]
 19111 | Hell     | Mangled by a searing wretch

Illustrated notes

Levels and vault maps discovered:
D:1:      roderic_chinese_lattice_arrival, layout_loops_ring, serial_shops,
          nicolae_diamond_shop
D:2:      layout_basic
D:3:      layout_basic, grunt_temple_overflow_opulence,
          mainiacjoe_overflow_six_doors_small, mainiacjoe_overflow_catwalk,
          ebering_ecumenical_altar_rust
D:4:      layout_basic, temple_statues, serial_shops, nicolae_stop_n_shop_1,
          kennysheep_generic_room_14
D:5:      layout_loops_ring, amcnicky_altar_gilded, slow_altar_1,
          amethyst_overflow_temple_binary, nicolae_dithmenos_the_darkroom,
          solitary_fountain, uniq_edmund, uniq_eustachio, uniq_grinder
D:6:      layout_rooms, lemuel_mausoleum_altar_yredelemnul
D:7:      layout_cave_pools, nicolae_ru_awakened_eye, serial_shops,
          nicolae_shop_crystal, uniq_prince_ribbit1
D:8:      layout_cave_pods, mainiacjoe_overflow_alcove_1,
          cheibrodos_ashenzari_chains
D:9:      layout_grid_maze, zin_angel, lair_entry_dummy, enter_bailey_2,
          hangedman_decor_diamond_cutter, chequers_arboretum
D:10:     minmay_stone_box, layout_basic, lemuel_round_altar,
          lemuel_coloured_pillars_altar, nicolae_stop_n_shop_1,
          minmay_misc_feat_hallway, dreamdust_mushroom_princess,
          hellmonk_guarded_unrand_gyre_and_gimble
D:11:     layout_long_grid, orc_0_dummy, special_room [special_room_orc],
          portal_ice_cave_entry_pillars_2
D:12:     layout_roguey
D:13:     layout_long_grid, erik_vaults_1, enter_trove_3
D:14:     layout_rooms, okawaru_ov_weapons_minmay
D:15:     gammafunk_enter_depths_forms, layout_gridville,
          amcnicky_mini_rare_corridor_liquid, minmay_crystal_water,
          minmay_fractal_squares_5
Temple:   hellmonk_temple_rainy
Lair:1:   layout_misc_corridors, grunt_megastairs_1
Lair:2:   layout_regular_city, swamp_mist_pool, minmay_lair_oklob_bushes,
          st_stairs_3, beast_lair_carwin_8, infiniplex_staircase_pool
Lair:3:   minmay_lair_venomous_thicket, layout_small_grid,
          guppyfry_snake_entry_island, gammafunk_ghost_grave, grunt_megastairs_5
Lair:4:   layout_hall_layers, beast_lair_carwin_10
Lair:5:   minmay_lair_end_enchanted_forest, layout_gridlike, slime_entry_1,
          nicolae_quartered_pool_little, chequers_serial_rivers_small_a,
          serial_bayou_shore_b, uniq_sonja, uniq_kirke
Swamp:1:  layout_basic_swamp, evilmike_swamp_ruin_house_1,
          nicolae_swamp_wisp_ring_woods
Swamp:2:  layout_basic_swamp, hangedman_swamp_ruin_hall, uniq_aizul
Swamp:3:  layout_basic_swamp, evilmike_swamp_ruin_rubble_1, swamp_pool1,
          infiniplex_staircase_pool_2
Swamp:4:  swamp_basic_johnstein, layout_basic_swamp
Snake:1:  cheibrodos_forgotten_conduit, layout_honeycomb, nicolae_snake_springs,
          serial_bayou_shore_b
Snake:2:  minmay_snake_river, layout_layer_cave, minmay_shoptagon
Snake:3:  layout_chambers
Snake:4:  grunt_snake_rune_serpentine_throne, layout_rooms, serial_shops,
          bzr_entry_islet, shop, nicolae_shop_behind_doors, shop,
          shop_fountains, nicolae_snake_guarding_the_ruins, grunt_megastairs_3,
          lemuel_fruit_tree
Orc:1:    dreamdust_under_siege, layout_caves
Orc:2:    st_orc_pillars, layout_caves, serial_shops, nicolae_shop_waterfront,
          uniq_saint_roka
Elf:1:    minmay_elf_arrival_plus, layout_gridlike, serial_shops,
          nicolae_square_shop, gammafunk_ghost_arena, basic_altar,
          minmay_elf_sorcery, minivault_24
Elf:2:    nicolae_elf_blades_crystal_corner, layout_gridlike, grunt_megastairs_2
Elf:3:    minmay_elf_hall_dome, layout_geoelf_octagon
Vaults:1: grunt_vaults_focal, vaults_room_grunt_arrival_ludios,
          nicolae_vaults_alarming, hangedman_vaults_stitches, v_misc_8,
          v_misc_2, vaults_standard_mumra_x, nicolae_vaults_gold_heap,
          v_misc_18, vaults_dpeg_hooks, v_misc_15, vaults_dpeg_cross,
          layout_vaults_big_room
Vaults:2: v_alt_pattern_3, v_misc_8, ontoclasm_vaults_claustrophobia,
          ontoclasm_vaults_loading_screen, hangedman_vaults_nails,
          nicolae_vaults_twisting_passages, hangedman_vaults_stagger,
          vaults_room_large_hall, nicolae_vaults_yaktaur_gun_rack,
          ontoclasm_vaults_misaligned, dpeg_vaults_monster_row, st_cross,
          hangedman_vaults_slice, layout_vaults_omnibox, uniq_margery
Vaults:3: gammafunk_ghost_abyssal_escape, vaults_room_pools, v_misc_9,
          minmay_crypt_entry_simple_walls, hangedman_vaults_locks,
          nicolae_vaults_what_the_h, ontoclasm_vaults_pinch,
          layout_vaults_quadrants
Vaults:4: nicolae_vaults_little_squares_4, vaults_room_grid,
          nicolae_vaults_little_squares_6, vaults_dpeg_spiral,
          vaults_mumra_minichess_inversion, nicolae_vaults_little_squares_5,
          hangedman_vaults_corner, ontoclasm_vaults_fault,
          hangedman_vaults_snaps, layout_vaults_ring
Vaults:5: serial_shops
Depths:1: minmay_skeletal_surprise, layout_gridville,
          pf_vacation_house_of_asmodeus, nicolae_evil_shop
Depths:2: cheibrodos_hall_of_evolution, layout_cave_pools, serial_shops,
          shop_fountains, muffindrake_ghost_three_little_ghosts, pan_entry,
          pf_coc_iceberg, tso_metal_star, nicolae_sif_muna_condensation,
          minmay_staircase_windowed_large
Depths:3: minmay_chopped_fan, layout_gridlike, nicolae_eternal_life,
          abyss_entry_small_statue_room, hell_entry,
          hellmonk_ghost_happy_afterlife, serial_shops, bzr_entry_water, shop,
          shop, shop, nicolae_take_the_stairs, nicolae_vehumet_radiance,
          uniq_mara, uniq_boris, uniq_xtahua
Depths:4: evilmike_zot_entry_castle, layout_cave_pools, enter_ziggurat_d,
          minmay_misc_feat_cross, rand_demon_pan_entry_3, abyss_entry,
          lightli_too_deep, chequers_serial_rivers_small_3
Hell
Zot:1:    layout_twisted_circle, uniq_vv
Zot:2:    layout_misc_corridors
Zot:3:    hangedman_orp_of_zott, layout_basic
Zot:4:    layout_twisted_circle

Skill      XL: |  1  2  3  4  5  6  7  8  9 10 11 12 13 14 15 16 17 18 19 20 21 22 23 24 25 26 27 |
---------------+----------------------------------------------------------------------------------+-----
Spellcasting   | 3 4 5 7 8 10 11 12 13 14 | 14.5
Fighting       | 1 2 3 4 5 6 8 9 11 12 13 14 15 16 17 18 | 18.9
Transmutations | 2 3 4 6 8 9 11 12 14 15 | 15.2
Poison Magic   | 4 5 6 |  6.0
Unarmed Combat | 1 2 3 4 5 7 9 10 12 13 14 15 16 17 18 19 23 | 23.4
Earth Magic    | 1 2 3 4 5 7 9 11 12 | 12.0
Necromancy     | 1 2 3 4 6 7 8 10 11 12 13 15 16 20 21 22 23 | 23.5
Summonings     | 4 7 9 10 11 12 | 12.2
Evocations     | 2 4 7 |  7.1
Shields        | 4 7 9 11 12 13 15 | 15.0
Dodging        | 3 7 8 10 12 | 12.4
Conjurations   | 3 11 | 11.6
Fire Magic     | 5 14 18 19 | 19.6
Armour         | 3 7 |  7.1
Translocations | 5 |  5.5
Stealth        | |  1.4

Action                   |  1- 3 |  4- 6 |  7- 9 | 10-12 | 13-15 | 16-18 | 19-21 | 22-24 | 25-27 || total
-------------------------+-------+-------+-------+-------+-------+-------+-------+-------+-------++-------
Melee: Unarmed           |     8 |       |       |    43 |   197 |   467 |   277 |   456 |  1252 ||  2700
       Short sword       |    33 |     8 |       |       |       |       |       |       |       ||    41
       Dagger            |       |    80 |   168 |    25 |       |       |       |       |       ||   273
       Punch             |       |     3 |     2 |     9 |    21 |    49 |     1 |       |       ||    85
       Staff             |       |       |       |       |       |       |       |     1 |     9 ||    10
Throw: Dart              |       |     1 |       |     1 |       |       |       |       |       ||     2
 Cast: Sting             |    51 |    16 |    42 |     2 |       |       |       |       |       ||   111
       Olgreb's Toxic Ra |       |     6 |    39 |    34 |    12 |    21 |    19 |       |       ||   131
       Mephitic Cloud    |       |       |     3 |     1 |       |       |       |       |       ||     4
       Animate Dead      |       |       |     2 |     8 |     6 |    17 |    15 |     1 |       ||    49
       Borgnjor's Vile C |       |       |       |    23 |    23 |    43 |    36 |    44 |   131 ||   300
       Statue Form       |       |       |       |     3 |    19 |    40 |    31 |     8 |       ||   101
       Death Channel     |       |       |       |       |     6 |    17 |    13 |     8 |     2 ||    46
       Infestation       |       |       |       |       |       |       |    22 |    38 |    84 ||   144
       Haunt             |       |       |       |       |       |       |     2 |    12 |    43 ||    57
       Necromutation     |       |       |       |       |       |       |       |    20 |    62 ||    82
       Irradiate         |       |       |       |       |       |       |       |     8 |     6 ||    14
       Sublimation of Bl |       |       |       |       |       |       |       |     2 |    36 ||    38
       Ignition          |       |       |       |       |       |       |       |       |    26 ||    26
       Apportation       |       |       |       |       |       |       |       |       |     6 ||     6
Invok: Receive Forbidden |       |       |       |       |     1 |       |       |       |       ||     1
       Unearth Wretches  |       |       |       |       |       |     1 |     1 |     1 |     2 ||     5
 Abil: End Transformatio |       |       |       |       |       |     2 |       |     1 |    17 ||    20
Evoke: Wand              |       |       |       |     2 |     2 |     4 |       |     3 |     4 ||    15
       Condenser vane    |       |       |       |       |     1 |     4 |       |     1 |     6 ||    12
       Phantom mirror    |       |       |       |       |       |       |       |       |     4 ||     4
  Use: Potion            |     1 |     6 |       |     4 |     2 |    12 |    10 |     2 |     7 ||    44
       Scroll            |       |     1 |     6 |     1 |    13 |     5 |     9 |     7 |    34 ||    76
 Stab: Sleeping          |       |       |     1 |       |       |       |       |       |       ||     1
       Distracted        |       |       |     2 |     2 |     4 |     9 |     4 |    11 |    23 ||    55
       Paralysed         |       |       |       |       |       |     1 |       |       |     1 ||     2
Armor: Robe              |    15 |    16 |    39 |    12 |       |       |       |    90 |   560 ||   732
       Skin              |       |       |       |    40 |   206 |   420 |   308 |    32 |       ||  1006
       Animal skin       |       |       |       |       |       |    12 |     3 |       |       ||    15
Dodge: Dodged            |    54 |    57 |   119 |   110 |   311 |   492 |   231 |   200 |   858 ||  2432
Block: Kite shield       |       |       |       |       |       |   170 |   370 |   289 |  1313 ||  2142

Table legend: (Time is in decaauts)
 A = Elapsed time spent in this place.
 B = Non-inter-level travel time spent in this place.
 C = Inter-level travel time spent in this place.
 D = Time resting spent in this place.
 E = Time spent auto-exploring this place.
 F = Levels seen in this place.
 G = Mean time per level.
                   A        B        C        D        E       F      G
               +--------+--------+--------+--------+--------+-----+--------+
         Total |  20865 |  19599 |   1266 |      0 |      0 |  88 |  237.1 |
       Dungeon |   4785 |   4379 |    406 |      0 |      0 |  15 |  319.0 |
        Temple |     20 |     20 |      0 |      0 |      0 |   1 |   20.0 |
          Lair |   1553 |   1419 |    134 |      0 |      0 |   5 |  310.6 |
         Swamp |    936 |    889 |     47 |      0 |      0 |   4 |  234.0 |
     Snake Pit |   1640 |   1336 |    304 |      0 |      0 |   4 |  410.0 |
  Orcish Mines |    851 |    756 |     95 |      0 |      0 |   2 |  425.5 |
   Elven Halls |    970 |    919 |     51 |      0 |      0 |   3 |  323.3 |
        Vaults |   2299 |   2085 |    214 |      0 |      0 |   5 |  459.8 |
        Depths |   1621 |   1621 |      0 |      0 |      0 |   4 |  405.2 |
          Hell |     41 |     41 |      0 |      0 |      0 |   1 |   41.0 |
           Zot |    287 |    275 |     12 |      0 |      0 |   4 |   71.8 |
         Abyss |    768 |    768 |      0 |      0 |      0 |   3 |  256.0 |
   Pandemonium |   3851 |   3851 |      0 |      0 |      0 |  21 |  183.4 |
      Ziggurat |    638 |    638 |      0 |      0 |      0 |  13 |   49.1 |
        Bazaar |     77 |     77 |      0 |      0 |      0 |   1 |   77.0 |
        Bailey |    214 |    214 |      0 |      0 |      0 |   1 |  214.0 |
      Ice Cave |    306 |    306 |      0 |      0 |      0 |   1 |  306.0 |
               +--------+--------+--------+--------+--------+-----+--------+

Top non-repeatable levels by time:
Depths:4: 921 daAuts
 Abyss:4: 768 daAuts
Vaults:3: 632 daAuts
   Elf:3: 606 daAuts
     D:4: 594 daAuts
 Snake:1: 548 daAuts
 Snake:4: 533 daAuts
   Orc:2: 532 daAuts
Vaults:2: 516 daAuts
     D:8: 480 daAuts
 Snake:2: 478 daAuts
Vaults:5: 474 daAuts
    D:13: 451 daAuts
    D:10: 442 daAuts
 Swamp:2: 442 daAuts
